 Dungeon Crawl Stone Soup version 0.25.1-2-g60ff931df9 (webtiles) character file.

Game seed: 7427245003904014500

18 Acheron the Magician (level 2, -1/20 HPs)
             Began as a Draconian Wanderer on Sept 24, 2020.
             Slain by a goblin
             ... wielding a +0 club
              (4 damage)
             ... on level 2 of the Dungeon.
             The game lasted 00:02:28 (677 turns).

Acheron the Magician (Draconian Wanderer)            Turns: 677, Time: 00:02:29

Health: -1/20      AC:  4    Str: 16    XL:     2   Next: 48%
Magic:  6/6        EV: 11    Int: 11    God:
Gold:   36         SH:  0    Dex:  9    Spells: 8/8 levels left

rFire    . . .     SeeInvis .   g - +0 spear
rCold    . . .     Gourm    .   (no shield)
rNeg     . . .     Faith    .   (armour unavailable)
rPois    .         Spirit   .   (helmet restricted)
rElec    .         Reflect  .   (no cloak)
rCorr    .         Harm     .   (no gloves)
MR       .....                  (no boots)
Stlth    +.........             (no amulet)
HPRegen  0.06/turn              (no ring)
MPRegen  0.10/turn              (no ring)

@: lethally poisoned (-1 -> -4)
A: unfitting armour, cold-blooded, AC +4
a: no special abilities


You were on level 2 of the Dungeon.
You were not hungry.

You visited 1 branch of the dungeon, and saw 3 of its levels.

You collected 36 gold pieces.

Inventory:

Hand Weapons
 a - a +0 club
 g - a +0 spear (weapon)
Missiles
 h - 19 bolts
Jewellery
 i - an uncursed ring of protection from cold {unknown}
Scrolls
 d - a scroll of amnesia {unknown}
Potions
 b - a potion of berserk rage {unknown}
 e - a potion of cancellation {unknown}
Comestibles
 c - 2 chunks of flesh
 f - 4 rations


   Skills:
 + Level 0.1 Maces & Flails
 + Level 1.1 Throwing
   Level 1.0 Shields
 + Level 3.6 Spellcasting
   Level 1.0 Summonings
   Level 2.0 Fire Magic
   Level 1.0 Ice Magic
   Level 1.0 Air Magic


You had 8 spell levels left.
You didn't know any spells.
Your spell library contained the following spells:

 Spells                   Type           Power        Failure   Level  Hunger
 Freeze                   Ice            #...         17%         1    #......
 Infusion                 Chrm           #...         26%         1    #......
 Frozen Ramparts          Ice            #.....       45%         3    ###....
 Ozocubu's Armour         Chrm/Ice       #.......     52%         3    ###....
 Summon Ice Beast         Ice/Summ       #.......     86%         4    #####..
 Hailstorm                Conj/Ice       #.......     90%         4    #####..


Dungeon Overview and Level Annotations

Branches:
Dungeon (3/15)

Altars:
Dithmenos
Trog
The Shining One


Innate Abilities, Weirdness & Mutations

Your plain brown scales are hard. (AC +4)
You cannot fit into any form of body armour.
You are cold-blooded and may be slowed by cold attacks.


Message History

* * * LOW HITPOINT WARNING * * *
You completely miss the goblin.
The goblin is moderately wounded.
The goblin barely misses you.
You closely miss the goblin.
You tail-slap the goblin, but do no damage.
* * * LOW HITPOINT WARNING * * *
You feel sick. The goblin hits you but does no damage.
You hit the goblin.
Your tail-slap misses the goblin.
The goblin is heavily wounded.
The goblin hits you but does no damage.
You completely miss the goblin.
The goblin is heavily wounded.
The goblin hits you with a +0 club.
* * * LOW HITPOINT WARNING * * *
You barely miss the goblin.
The goblin is heavily wounded.
* * * LOW HITPOINT WARNING * * *
You feel sick. The goblin hits you with a +0 club.
You die...

#.#.####.#
#........#
###.###### ##'##
##...## ##.....##
##.......## .#
#.........####...#.
+....(....'@gg.....
#.......>.####...#.
##...(...## .#
##.....## ##...##
##+##


You could see 2 goblins.

Vanquished Creatures
  An adder (D:2)
  A dart slug (D:2)
  A leopard gecko (D:2)
  A bat (D:1)
  A goblin (D:1)
  A kobold (D:2)
  A rat (D:2)
7 creatures vanquished.

Notes
Turn   | Place    | Note
-------+----------+-------------------------------------------
     0 | D:1      | Acheron the Draconian Wanderer began the quest for the Orb.
     0 | D:1      | Acheron set off with the following items: a +0 club, a
                  | potion of curing, a ration; and the following spells
                  | available to memorise: Freeze, Infusion, Frozen Ramparts,
                  | Ozocubu's Armour, Summon Ice Beast, Hailstorm
     0 | D:1      | Reached XP level 1. HP: 14/14 MP: 4/4
    51 | D:2      | Found a shadowy altar of Dithmenos.
    57 | D:2      | Found a glowing golden altar of the Shining One.
    57 | D:2      | Found a bloodstained altar of Trog.
   314 | D:2      | Reached XP level 2. HP: 9/20 MP: 6/6
   677 | D:2      | Slain by a goblin

Illustrated notes

Levels and vault maps discovered:
D:1:      roderic_chinese_lattice_arrival, layout_loops_ring,
          minmay_shallow_snake_nest
D:2:      layout_loops_corners, grunt_temple_overflow_open, first_ration
D:3:      layout_loops_ring, uniq_jessica, uniq_robin

Action                   || total
-------------------------++-------
Melee: Club              ||    24
       Tailslap          ||     5
       Spear             ||    24
  Use: Potion            ||     1
Armor: Skin              ||    10
Dodge: Dodged            ||    30
